 Dungeon Crawl Stone Soup version bcrawl-1.31.4 (webtiles) character file.

Game seed: 1375215281237512564

497345 Morbidden the Thaumaturge (level 14, 0/121 HPs)
             Began as a Djinni Conjurer on May 29, 2021.
             Was the Champion of Cheibriados.
             Slain by a cane toad (9 damage)
             ... on level 6 of the Lair of Beasts.
             The game lasted 00:40:15 (19798 turns).

Morbidden the Thaumaturge (Djinni Conjurer)        Turns: 19798, Time: 00:40:15

Health: 0/121      AC: 14    Str: 37    XL:     14   Next: 79%
Magic:  38/38      EV: 16    Int: 44    God:    Cheibriados [******]
Gold:   1536       SH: 12    Dex: 24    Spells: 22/40 levels left

rFire    + . .     SeeInvis .   a - +10 Vampire's Tooth {vamp}
rCold    + + .     Gourm    .   T - +0 medium shield
rNeg     + . .     Faith    .   B - +3 ring mail of the Volcano {MR+++ Str+5 Dex-2}
rPois    .         Spirit   .   D - +2 hat
rElec    .         Reflect  .   R - +1 cloak of a Labyrinth {rC+ rN+ Int+2}
rCorr    .         Harm     .   G - -1 pair of gloves "Camuodwa" {Int+4 Dex+4}
MR       ++++.     Rnd*Rage +   (boots unavailable)
Stlth    +++.......             (no amulet)
HPRegen  0.30/turn              o - ring of protection from cold
MPRegen  0.26/turn              X - ring "Aviptor" {+Fly Str+6 Dex-4}

@: lethally poisoned (0 -> -24), flying, very slow
A: never pass out, berserk 2, blink, blurry vision 2, fire resistance 1, high mp
2, wild magic 3, disrupted magic 1, MP-powered wands, floating
a: Blink, Bend Time, Temporal Distortion, Slouch, Step From Time, Renounce
Religion


You were on level 6 of the Lair of Beasts.
You worshipped Cheibriados.
Cheibriados was exalted by your worship.
You were not hungry.

You visited 3 branches of the dungeon, and saw 19 of its levels.
You also visited: Sewer and Gauntlet.

You collected 1536 gold pieces.

Inventory:

Hand Weapons
 a - the +10 Vampire's Tooth (weapon) {vamp}
   (You took it off a goblin on level 5 of the Dungeon)

   It inflicts no extra harm, but heals its wielder when it wounds a living foe.
Missiles
 p - 399 javelins (quivered)
 F - 345 poisoned tomahawks
Armour
 B - the +3 ring mail of the Volcano (worn) {MR+++ Str+5 Dex-2}
   (You found it on level 5 of the Dungeon)

   It affects your strength (+5).
   It affects your dexterity (-2).
   It affects your resistance to hostile enchantments.
 D - a +2 hat (worn)
 G - the -1 pair of gloves "Camuodwa" (worn) {Int+4 Dex+4}
   (You found it on level 6 of the Dungeon)

   It affects your intelligence (+4).
   It affects your dexterity (+4).
 K - the +0 helmet of Dulieq {rElec rPois Dex-5 SInv}
   (You found it in a Gauntlet)

   It affects your dexterity (-5).
   It insulates you from electricity.
   It protects you from poison.
   It lets you see invisible.
 P - a +0 large shield
 R - the +1 cloak of a Labyrinth (worn) {rC+ rN+ Int+2}
   (You found it in a Gauntlet)

   It affects your intelligence (+2).
   It protects you from cold.
   It protects you from negative energy.
 T - a +0 medium shield (worn)
Jewellery
 o - a ring of protection from cold (left hand)
 y - an uncursed ring of insulation
 C - an uncursed ring of poison resistance
 U - an uncursed ring of protection from cold
 X - the ring "Aviptor" (right hand) {+Fly Str+6 Dex-4}
   (You found it on level 2 of the Lair of Beasts)

   [ring of flight]

   It affects your strength (+6).
   It affects your dexterity (-4).
   It lets you fly.
Wands
 t - a wand of digging (21)
 E - a wand of iceblast (20)
 J - a wand of flame (17)
 M - a wand of clouds (3)
 N - a wand of acid (8)
 Q - a wand of disintegration (7)
 V - a wand of paralysis (14)
Scrolls
 g - 2 scrolls of magic mapping
 i - 2 scrolls of identify
 l - 2 scrolls of amnesia
 m - 5 scrolls of enchant weapon {unknown}
 n - 8 scrolls of remove curse
 r - 6 scrolls of blinking
 s - 5 scrolls of teleportation
 v - 3 scrolls of fear {unknown}
 w - 2 scrolls of noise {unknown}
 H - 2 scrolls of enchant armour
 I - a scroll of summoning {unknown}
 O - 2 scrolls of fog {unknown}
 W - a scroll of immolation {unknown}
 Z - a scroll of silence {unknown}
Potions
 b - 5 potions of flight
 c - 2 potions of magic
 d - a potion of haste {unknown}
 f - 5 potions of curing
 h - 2 potions of heal wounds
 j - 3 potions of invisibility
 k - 5 potions of mutation
 q - 3 potions of might
 u - 4 potions of brilliance
 x - 5 potions of lignification {unknown}
 z - 2 potions of ambrosia {unknown}
 A - 7 potions of agility
 Y - 2 potions of cancellation
Miscellaneous
 S - a phantom mirror
Comestibles
 e - 36 rations {!d}
 L - 6 chunks of flesh


   Skills:
 * Level 10.1 Fighting
 * Level 10.0 Short Blades
   Level 0.1(6.8) Long Blades
   Level 0.2 Polearms
 + Level 1.5 Throwing
 + Level 6.9 Armour
 * Level 9.1 Dodging
 * Level 7.3 Stealth
 + Level 2.9 Shields
 + Level 0.5 Unarmed Combat
 * Level 13.9 Spellcasting
 * Level 12.4 Conjurations
 * Level 6.2 Transmutations
 * Level 7.6 Invocations


You had 22 spell levels left.
You knew the following spells:

 Your Spells              Type           Power        Failure   Level  Hunger
a - Iskenderun's Mystic   Conj           ########     7%          3    None
b - Searing Ray           Conj           ########     5%          2    None
c - Magic Dart            Conj           ####         4%          1    None
d - Irradiate             Conj/Tmut      ########..   41%         5    None
e - Orb of Destruction    Conj           ########..   93%         7    #####..

Your spell library contained the following spells:

 Spells                   Type           Power        Failure   Level  Hunger
 Throw Frost              Conj/Ice       ######       6%          2    None
 Conjure Flame            Conj/Fire      ########     24%         3    None
 Fulminant Prism          Conj/Hex       ########..   47%         4    None
 Sticky Flame             Conj/Fire      ########     47%         4    None
 Throw Icicle             Conj/Ice       ########     47%         4    None
 Apportation              Tloc           ######       54%         1    None
 Infusion                 Chrm           ######..     54%         1    None
 Sandblast                Erth           ######       54%         1    None
 Slow                     Hex            ######..     54%         1    None
 Summon Butterflies       Summ           ######..     54%         1    None
 Summon Small Mammal      Summ           ####         54%         1    None
 Ignite Poison            Fire/Tmut/Pois #######.     61%         3    None
 Call Imp                 Summ           ######       65%         2    None
 Ensorcelled Hibernation  Hex/Ice        ######       65%         2    None
 Song of Slaying          Chrm           ######..     65%         2    None
 Swiftness                Chrm/Air       ######..     65%         2    None
 Tree Form                Hex/Tmut       N/A          82%         4    None
 Call Canine Familiar     Summ           ######..     83%         3    None
 Ozocubu's Armour         Chrm/Ice       ######..     83%         3    None
 Regeneration             Chrm/Necr      ######....   83%         3    None
 Spectral Weapon          Hex/Chrm       ######..     83%         3    None
 Summon Ice Beast         Ice/Summ       ######..     99%         4    None
 Summon Lightning Spire   Summ/Air       ######..     100%        5    None
 Borgnjor's Vile Clutch   Necr/Erth      ######....   100%        6    ###....
 Darkness                 Hex            ######....   100%        6    ###....
 Infestation              Hex/Tmut/Pois  #######..    100%        6    ###....
 Shadow Creatures         Summ           N/A          100%        6    ###....
 Statue Form              Tmut/Erth      #######..    100%        6    ###....
 Dragon Form              Tmut           #######      100%        7    #####..
 Mana Rupture             Conj/Hex       ########..   100%        7    #####..
 Chain Lightning          Conj/Air       ########..   100%        8    ######.
 Necromutation            Tmut/Necr      #######.     100%        8    ######.
 Time Stop                Chrm/Tloc      N/A          100%        8    ######.


Dungeon Overview and Level Annotations

Branches:
Dungeon (12/12)            Temple (1/1) D:6            Lair (6/6) D:7
  Swamp (0/3) Lair:3       Spider (0/3) Lair:4        Slime (0/5) Lair:6
    Orc (0/1) D:8          Vaults (0/3) D:12         Depths (0/5) D:12

Altars:
Ashenzari
Cheibriados
Dithmenos
Elyvilon
Fedhas
Gozag
Hepliaklqana
Kikubaaqudgha
Lugonu
Makhleb
Nemelex Xobeh
Okawaru
Qazlal
Ru
Sif Muna
Trog
Uskayaw
Vehumet
Wu Jian
Xom
Yredelemnul
Zin
The Shining One
Beogh
Jiyva

Shops:
D:9 (   D:10 *   D:11 [

Annotations:
D:2 1 runed door
D:5 1 runed translucent door, yrara's ghost, novice DsFi
D:10 3 runed translucent doors, drd's ghost, journeyman FrCj
Lair:1 3 runed translucent doors, LostNumber's ghost, novice MiAc
Lair:6 1 runed door


Innate Abilities, Weirdness & Mutations

You never pass out after going berserk.
You often lose your temper in combat.
You can translocate small distances at will.
Scrolls take you longer to read.
Your flesh is heat resistant. (rF+)
You have a considerably increased reservoir of magic. (+20% MP)
Your spells are much harder to cast, but much more powerful.
Your casting is slightly disrupted.
You expend magic power (3 MP) to strengthen your wands.
Your body floats in the air.


Message History

You hold your ground!
The vampire mosquito buzzes angrily.
The elephant trunk-slaps you but does no damage.
You feel sick.
The cane toad hits you but does no damage.
You feel sick. The cane toad hits you!!
* * * LOW HITPOINT WARNING * * *
You are lethally poisoned!
The cane toad poisons you! The cane toad barely misses you.
You are too injured to fight recklessly!
You are too injured to fight recklessly!
Unknown command.
Unknown command.
Your blurry vision makes reading the scroll take longer!
* * * LOW HITPOINT WARNING * * *
You feel sick. You block the cane toad's attack.
You begin reading the scroll.
You continue reading the scroll.
* * * LOW HITPOINT WARNING * * *
You feel sick. The cane toad hits you!
You die...

.# .≈# .≈≈ .... ..≈# #....###
### ...≈≈ ##....P# ##P# #.....
.....P# #..####...... .....####
####÷÷##..#.....(/.
#.....#.###...÷..÷............
#.........##...÷@Y............
#............†P÷F#Y#..........
...............P#Y.##..........
##.[...........##Y..........F..
..............###............P.
..........†.÷...##.............
...........P...#.#####.........
..............##.#.>.#.........
.................#...#.Y.......


You could see 4 elephants and a cane toad.

Vanquished Creatures
  Rupert (Lair:4)
  A minotaur (Gauntlet)
  A blizzard demon (Gauntlet)
  8 vault guards (D:12)
  Psyche (D:11)
  5 hydras
  A centaur warrior (D:12)
  2 catoblepae
  2 two-headed ogres
  An alligator (Lair:6)
  An ogre mage (D:12)
  Sonja (D:11)
  A deep troll (D:12)
  A goliath frog (Lair:6)
  An unseen horror (D:11)
  5 skeletal warriors (D:12)
  3 wizards (D:12)
  4 cyclopes
  An obsidian statue (Gauntlet)
  2 deep elf magi (D:12)
  An orc sorcerer (D:11)
  2 orc knights
  An ugly thing (D:11)
  3 oklob plants (Lair:4)
  3 black mambas
  2 naga magi (D:12)
  A torpor snail (Lair:5)
  2 molten gargoyles (Lair:3)
  14 cane toads
  3 rime drakes
  A tengu conjurer (D:11)
  3 demonic crawlers (D:11)
  7 komodo dragons
  A freezing wraith (D:12)
  A redback zombie (D:9)
  An ice devil (Gauntlet)
  A polar bear (Lair:4)
  2 jumping spiders (Lair:4)
  8 trolls
  A hornet (D:9)
  A raiju (shapeshifter) (D:11)
  11 blink frogs
  11 hippogriffs
  10 dream sheep
  Sigmund (D:4)
  2 vampires
  A wraith (D:12)
  2 wyverns
  18 yaks
  A basilisk (Lair:6)
  A steam dragon (D:8)
  4 hungry ghosts
  6 vampire mosquitoes
  2 swamp worms (Lair:3)
  2 acid dragons
  Edmund (D:5)
  6 crocodiles
  9 porcupines
  6 water moccasins
  8 orc warriors
  A black bear (shapeshifter) (D:11)
  3 eyes of draining
  A necrophage (D:10)
  3 phantoms
  2 sky beasts
  4 black bears
  10 wolves
  An eye of draining (shapeshifter) (D:12)
  An ogre (shapeshifter) (D:12)
  5 ogres
  3 centaurs
  4 boggarts (Lair:4)
  7 big kobolds
  19 bullfrogs
  3 scorpions
  6 killer bees (D:8)
  17 wights
  3 electric eels
  3 howler monkeys (D:9)
  6 crimson imps
  5 lava snakes (Lair:3)
  2 quasits
  2 centaur skeletons
  12 orc priests
  7 hounds
  A jelly (D:10)
  Jessica (D:2)
  5 hell rats (Lair:2)
  3 iguanas
  19 orc wizards
  6 worker ants
  13 gnolls
  13 adders
  3 river rats (Sewer)
  2 shadow imps
  A white imp (Gauntlet)
  4 oozes
  An adder skeleton (D:3)
  7 worms
  2 dart slugs (D:1)
  4 leopard geckos
  53 orcs
  5 giant cockroaches
  13 goblins
  14 hobgoblins
  6 jackals
  6 quokkas
  7 ball pythons
  A bat (D:1)
  3 frilled lizards
  24 kobolds
  9 rats
  A plant (Lair:4)
561 creatures vanquished.

Vanquished Creatures (others)
  6 fungi
  44 plants
  13 withered plants (D:12)
63 creatures vanquished.

Grand Total: 624 creatures vanquished

Notes
Turn   | Place    | Note
-------+----------+-------------------------------------------
     0 | D:1      | Morbidden the Djinni Conjurer began the quest for the Orb.
     0 | D:1      | Reached XP level 1. HP: 14/14 MP: 4/4
   193 | D:1      | Reached XP level 2. HP: 8/20 MP: 0/6
   365 | D:1      | Learned a level 2 spell: Searing Ray
   663 | D:1      | Reached skill level 1 in Fighting
   695 | D:1      | Reached XP level 3. HP: 28/28 MP: 5/7
   815 | D:1      | Reached skill level 5 in Conjurations
   872 | D:2      | Learned a level 3 spell: Iskenderun's Mystic Blast
   985 | D:2      | Noticed Jessica
   989 | D:2      | Killed Jessica
  1062 | D:2      | Found a shattered altar of Ashenzari.
  1087 | D:2      | Found a sparkling altar of Nemelex Xobeh.
  1344 | D:2      | Gained mutation: Your spells are harder to cast, but more
                  | powerful. [Djinni growth]
  1344 | D:2      | Gained mutation: You can translocate small distances at
                  | will. [Djinni growth]
  1344 | D:2      | Reached XP level 4. HP: 35/35 MP: 1/9
  1702 | D:2      | Found a runed door.
  1936 | D:3      | Found a glowing drain.
  1986 | Sewer    | Entered a sewer
  2081 | Sewer    | Noticed a big kobold
  2082 | Sewer    | Noticed a big kobold
  2087 | Sewer    | Killed a big kobold
  2088 | Sewer    | Reached skill level 4 in Spellcasting
  2088 | Sewer    | Reached XP level 5. HP: 41/42 MP: 0/11
  2276 | Sewer    | Reached skill level 5 in Spellcasting
  2276 | Sewer    | Reached XP level 6. HP: 50/50 MP: 8/13
  2977 | D:3      | Reached skill level 6 in Spellcasting
  3302 | D:3      | Reached XP level 7. HP: 26/56 MP: 1/16
  4055 | D:4      | Reached skill level 7 in Spellcasting
  4291 | D:4      | Noticed Sigmund
  4295 | D:4      | Killed Sigmund
  4470 | D:5      | Entered Level 5 of the Dungeon
  4585 | D:4      | Gained mutation: Your spells are much harder to cast, but
                  | much more powerful. [Djinni growth]
  4585 | D:4      | Reached XP level 8. HP: 14/63 MP: 1/19
  4710 | D:5      | Noticed Edmund
  4716 | D:5      | Killed Edmund
  4717 | D:5      | Reached skill level 8 in Spellcasting
  4773 | D:5      | Found a shattered altar of Ashenzari.
  4874 | D:5      | Got a crude ring mail
  4877 | D:5      | Identified the +3 ring mail of the Volcano {MR+++ Str+5
                  | Dex-2} (You found it on level 5 of the Dungeon)
  5259 | D:5      | Reached skill level 1 in Short Blades
  5441 | D:5      | Found a runed translucent door.
  5442 | D:5      | Noticed yrara's ghost (novice DsFi)
  5764 | D:6      | Found a staircase to the Ecumenical Temple.
  5790 | Temple   | Entered the Ecumenical Temple
  5962 | Temple   | Became a worshipper of Cheibriados the Contemplative
  6004 | D:6      | Reached skill level 1 in Armour
  6022 | D:6      | Reached XP level 9. HP: 72/72 MP: 21/21
  6102 | D:6      | Reached skill level 9 in Spellcasting
  6278 | D:6      | Reached * piety under Cheibriados
  6498 | D:6      | Identified the ring "Holebud" {rC- Str+6 Stlth--}
  6562 | D:6      | Got a pair of heavily runed gloves
  6743 | D:7      | Reached skill level 5 in Fighting
  7185 | D:6      | Reached skill level 5 in Short Blades
  7369 | D:7      | Reached ** piety under Cheibriados
  7370 | D:7      | Reached skill level 1 in Invocations
  7473 | D:7      | Found a staircase to the Lair.
  7830 | D:7      | Identified the cursed -1 pair of gloves "Camuodwa" {Int+4
                  | Dex+4} (You found it on level 6 of the Dungeon)
  7835 | D:7      | Reached XP level 10. HP: 81/81 MP: 17/23
  8363 | D:8      | Reached skill level 5 in Dodging
  8429 | D:8      | Reached *** piety under Cheibriados
  8879 | D:8      | Reached skill level 10 in Spellcasting
  8953 | D:8      | Noticed a two-headed ogre
  8968 | D:8      | Killed a two-headed ogre
  9426 | D:8      | Found a staircase to the Orcish Mines.
  9641 | D:8      | Reached **** piety under Cheibriados
  9772 | D:9      | Found Xyimesh's Weapon Shoppe.
  9872 | D:9      | Reached XP level 11. HP: 91/91 MP: 25/25
  9964 | D:9      | Noticed a cyclops
  9981 | D:9      | Killed a cyclops
 10195 | D:9      | Noticed a cyclops
 10202 | D:9      | Killed a cyclops
 10306 | D:10     | Entered Level 10 of the Dungeon
 10324 | D:10     | Noticed a two-headed ogre
 10333 | D:10     | Killed a two-headed ogre
 10340 | D:10     | Reached ***** piety under Cheibriados
 10577 | D:10     | Found Qotyreekk's Assorted Antiques.
 10698 | D:10     | Found a runed translucent gate.
 10698 | D:10     | Found a runed translucent gate.
 10698 | D:10     | Found a runed translucent gate.
 10698 | D:10     | Noticed drd's ghost (journeyman FrCj)
 10700 | D:10     | Identified the +4 chain mail of Shielding {Str+2}
 10737 | D:10     | Found a hide-covered altar of Uskayaw.
 11072 | D:10     | Found a roughly hewn altar of Beogh.
 11269 | D:11     | Noticed an orc knight
 11269 | D:11     | Noticed an orc sorcerer
 11270 | D:11     | Killed an orc knight
 11274 | D:11     | Killed an orc sorcerer
 11277 | D:11     | Noticed Sonja
 11288 | D:11     | Killed Sonja
 11288 | D:11     | Killed an unseen horror
 11289 | D:11     | Reached skill level 5 in Stealth
 11289 | D:11     | Reached skill level 10 in Conjurations
 11293 | D:11     | Noticed a purple ugly thing
 11299 | D:11     | Noticed a cyclops
 11313 | D:11     | Killed a cyclops
 11314 | D:11     | Reached skill level 11 in Spellcasting
 11325 | D:11     | Killed a purple ugly thing
 11343 | D:11     | Reached skill level 5 in Armour
 11343 | D:11     | Gained mutation: Your casting is slightly disrupted.
                  | [Djinni growth]
 11343 | D:11     | Gained mutation: Your flesh is heat resistant. (rF+)
                  | [Djinni growth]
 11343 | D:11     | Gained mutation: You have an increased reservoir of magic.
                  | (+10% MP) [Djinni growth]
 11343 | D:11     | Gained mutation: You have a considerably increased
                  | reservoir of magic. (+20% MP) [Djinni growth]
 11343 | D:11     | Reached XP level 12. HP: 101/101 MP: 24/32
 11364 | D:11     | Learned a level 5 spell: Irradiate
 11469 | D:11     | Found Idis Omu's Armour Boutique.
 11547 | D:11     | Noticed a catoblepas
 11554 | D:11     | Killed a catoblepas
 11638 | D:11     | Noticed Psyche
 11644 | D:11     | Killed Psyche
 11645 | D:11     | Reached skill level 1 in Transmutations
 11645 | D:11     | Reached skill level 5 in Invocations
 11824 | D:11     | Reached ****** piety under Cheibriados
 12172 | D:12     | Entered Level 12 of the Dungeon
 12286 | D:12     | Noticed an ogre mage
 12291 | D:12     | Killed an ogre mage
 12450 | D:12     | Found the +12 glaive of Prune {chop, lignify}
 12492 | D:12     | Identified a scroll of acquirement
 12492 | D:12     | Identified the +1 hat of Oprehaum {-Cast rC+ MR+++ SInv}
                  | (You acquired it on level 12 of the Dungeon)
 12492 | D:12     | Identified the ring "Cuxzoekh" {Ice Str+3 Int+2 Dex-4} (You
                  | acquired it on level 12 of the Dungeon)
 12492 | D:12     | Identified the Tome of Conjuration and Fire (You acquired
                  | it on level 12 of the Dungeon)
 12503 | D:12     | Learned a level 7 spell: Orb of Destruction
 12533 | D:12     | Noticed a centaur warrior
 12538 | D:12     | Noticed a catoblepas
 12542 | D:12     | Killed a centaur warrior
 12552 | D:12     | Killed a catoblepas
 12672 | D:12     | Noticed a vault guard
 12672 | D:12     | Noticed a vault guard
 12673 | D:12     | Found a gate to the Vaults.
 12673 | D:12     | Noticed a vault guard
 12673 | D:12     | Noticed a vault guard
 12674 | D:12     | Noticed a vault guard
 12674 | D:12     | Noticed a vault guard
 12674 | D:12     | Noticed a vault guard
 12674 | D:12     | Noticed a vault guard
 12681 | D:12     | Killed a vault guard
 12684 | D:12     | Killed a vault guard
 12685 | D:12     | Reached skill level 1 in Throwing
 12685 | D:12     | Reached skill level 12 in Spellcasting
 12685 | D:12     | Reached XP level 13. HP: 57/110 MP: 12/34
 12687 | D:12     | Reached skill level 1 in Shields
 13113 | D:12     | Found a staircase to the Depths.
 13326 | Lair:1   | Entered Level 1 of the Lair of Beasts
 13788 | Lair:1   | Found a runed translucent gate.
 13788 | Lair:1   | Found a runed translucent gate.
 13788 | Lair:1   | Found a runed translucent gate.
 13797 | Lair:1   | Got a coiled diamond amulet
 13818 | Lair:1   | Noticed LostNumber's ghost (novice MiAc)
 14129 | Lair:2   | Identified the cursed amulet "Fegorowk" {Inacc MR+ Str+4
                  | Int+3} (You found it on level 1 of the Lair of Beasts)
 14875 | Lair:2   | Reached skill level 5 in Transmutations
 14951 | Lair:2   | Got a warped tin ring
 14954 | Lair:2   | Identified the ring "Aviptor" {+Fly Str+6 Dex-4} (You found
                  | it on level 2 of the Lair of Beasts)
 15930 | Lair:3   | Reached XP level 14. HP: 76/119 MP: 19/37
 16474 | Lair:3   | Found a staircase to the Swamp.
 16631 | Lair:4   | Reached skill level 13 in Spellcasting
 16661 | Lair:4   | Found a hole to the Spider Nest.
 16661 | Lair:4   | Noticed Rupert
 16679 | Lair:4   | Killed Rupert
 16707 | Lair:4   | Found a gate leading to a gauntlet.
 16732 | Gauntlet | Entered a Gauntlet
 16732 | Gauntlet | Found a transporter.
 16732 | Gauntlet | Found a transporter.
 16760 | Gauntlet | Found a transporter.
 16761 | Gauntlet | Found a transporter.
 16779 | Gauntlet | Found a transporter.
 16800 | Gauntlet | Found a transporter.
 16800 | Gauntlet | Found a transporter.
 16817 | Gauntlet | Found a transporter.
 16823 | Gauntlet | Found a transporter.
 16828 | Gauntlet | Found a transporter.
 16976 | Gauntlet | Got a fading cloak
 16979 | Gauntlet | Identified the +1 cloak of a Labyrinth {rC+ rN+ Int+2} (You
                  | found it in a Gauntlet)
 17097 | Gauntlet | Got a polished helmet
 17100 | Gauntlet | Identified the +0 helmet of Dulieq {rElec rPois Dex-5 SInv}
                  | (You found it in a Gauntlet)
 17144 | Gauntlet | Identified the +2 glaive of Makhleb's Envy {chop, Str+3}
 19181 | Lair:6   | Entered Level 6 of the Lair of Beasts
 19531 | Lair:6   | Reached skill level 10 in Fighting
 19712 | Lair:6   | Reached skill level 10 in Short Blades
 19769 | Lair:6   | Found a runed door.
 19769 | Lair:6   | Found a viscous altar of Jiyva.
 19769 | Lair:6   | Found a staircase to the Slime Pits.
 19798 | Lair:6   | Slain by a cane toad

Skill      XL: |  1  2  3  4  5  6  7  8  9 10 11 12 13 14 |
---------------+-------------------------------------------+-----
Fighting       | 1 2 3 4 5 6 7 8 9 10 | 10.1
Conjurations   | 5 6 7 8 9 10 11 12 | 12.4
Spellcasting   | 4 5 6 7 8 9 10 11 12 13 | 13.9
Stealth        | 2 3 4 5 6 7 |  7.3
Dodging        | 3 4 5 6 7 8 9 |  9.1
Short Blades   | 2 5 7 8 9 10 | 10.0
Armour         | 1 2 3 5 6 |  6.9
Invocations    | 1 3 4 6 7 |  7.6
Transmutations | 3 5 6 |  6.2
Throwing       | 1 |  1.5
Shields        | 2 |  2.9
Long Blades    | |  0.1
Polearms       | |  0.2
Unarmed Combat | |  0.5

Action                   |  1- 3 |  4- 6 |  7- 9 | 10-12 | 13-15 || total
-------------------------+-------+-------+-------+-------+-------++-------
Melee: Unarmed           |    10 |       |       |       |       ||    10
       Falchion          |       |    14 |       |       |       ||    14
       Quick blade       |       |       |   264 |   452 |   472 ||  1188
       Rapier            |       |       |     4 |       |       ||     4
       Punch             |       |       |       |     1 |       ||     1
       Glaive            |       |       |       |       |    14 ||    14
Throw: Javelin           |       |       |     8 |    10 |       ||    18
 Cast: Magic Dart        |    49 |   109 |    98 |    29 |       ||   285
       Searing Ray       |     6 |    14 |    22 |    18 |     2 ||    62
       Iskenderun's Myst |       |       |     5 |    65 |   151 ||   221
       Irradiate         |       |       |       |       |     1 ||     1
Invok: Slouch            |       |       |       |     1 |     3 ||     4
Evoke: Wand              |       |       |       |       |     1 ||     1
  Use: Potion            |       |       |     2 |       |     4 ||     6
       Scroll            |       |       |     5 |     8 |    16 ||    29
 Stab: Sleeping          |       |       |     1 |     7 |     7 ||    15
       Distracted        |       |       |       |     1 |     1 ||     2
       Invisible         |       |       |       |       |     3 ||     3
  Eat: Chunk             |     3 |     8 |    16 |    15 |    14 ||    56
       Ration            |       |       |     2 |       |     3 ||     5
Armor: Robe              |     3 |     6 |     2 |       |       ||    11
       Ring mail         |       |       |    92 |    99 |    65 ||   256
       Skin              |       |       |       |       |    13 ||    13
Dodge: Dodged            |     9 |    35 |   120 |   270 |   201 ||   635
Block: Buckler           |       |       |       |    25 |    62 ||    87
       Medium shield     |       |       |       |       |    58 ||    58
